 Dungeon Crawl Stone Soup version 0.31-a0-152-g6aa68a64a1 (webtiles) character file.

Game seed: 10585361066943536479

99 qw the Shooter (level 4, -1/35 (38) HPs)
             Began as a Minotaur Hunter on June 10, 2023.
             Slain by a worm (2 damage)
             ... on level 2 of the Dungeon.
             The game lasted 00:00:29 (1049 turns).

qw the Shooter (Minotaur Hunter)                    Turns: 1049, Time: 00:00:29

HP:   -1/35 (38)    AC:  5    Str: 15    XL:     4   Next: 45%
MP:   3/3           EV: 11    Int:  6    God:
Gold: 89            SH:  0    Dex: 16    Spells: 3/3 levels left

rFire   . . .        Y - +0 shortbow
rCold   . . .        (shield currently unavailable)
rNeg    . . .        d - +0 ring mail
rPois   .            (helmet restricted)
rElec   .            (no cloak)
rCorr   .            (no gloves)
SInv    .            (no boots)
Will    .....        (no amulet)
Stlth   +            (no ring)
HPRegen 0.25/turn    (no ring)
MPRegen 0.08/turn

%: no passive effects
@: drained
A: horns 2, retaliatory headbutt
a: no special abilities


You were on level 2 of the Dungeon.
You visited 1 branch of the dungeon, and saw 2 of its levels.

You collected 89 gold pieces.


Innate Abilities, Weirdness & Mutations

You have a pair of horns on your head.
You reflexively headbutt those who attack you in melee.


   Skills:
 + Level 3.3 Fighting
 - Level 6.0 Ranged Weapons
 - Level 1.1 Armour
 - Level 2.1 Dodging
 - Level 0.7 Stealth


You had 3 spell levels left.
You didn't know any spells.
Your spell library was empty.

Inventory:

Hand Weapons
 Y - a +0 shortbow (weapon)
Armour
 d - a +0 ring mail (worn)
Scrolls
 a - a scroll of identify {unknown}
 b - a scroll of magic mapping {unknown}
 c - a scroll of teleportation {unknown}

Dungeon Overview and Level Annotations

Branches:
Dungeon (2/15)

Altars:

Shops:
D:1 [


Message History

The adder bites you but does no damage.
You shoot an arrow. The arrow closely misses the adder.
You feel sick. The adder barely misses you.
A goblin comes into view. It is wielding a +2 dagger of draining.
You shoot an arrow. The arrow closely misses the adder.
The goblin shouts!
You feel sick. The adder bites you. The adder barely misses you.
You shoot an arrow. The arrow misses the adder.
The arrow closely misses the goblin.
You feel sick. The adder barely misses you. You furiously retaliate!
You headbutt the adder. You shoot an arrow. The arrow hits the adder!
You kill the adder!
You feel sick.
You are no longer poisoned.
The adder bites you but does no damage.
Your Ranged Weapons skill increases to level 6!
You shoot an arrow. The arrow closely misses the adder.
The arrow hits the goblin.
The goblin is heavily wounded.
The adder closely misses you. You furiously retaliate!
You headbutt the adder. You shoot an arrow. The arrow hits the adder.
The adder is moderately wounded.
The adder bites you. The worm barely misses you. You furiously retaliate!
You headbutt the worm. The adder closely misses you. You furiously retaliate!
You headbutt the adder!
You kill the adder!
You shoot an arrow.
The arrow hits the worm but does no damage.
The worm is moderately wounded.
You shoot an arrow. The arrow barely misses the goblin.
The goblin hits you with a +2 dagger of draining.
You feel drained. The worm barely misses you.
You shoot an arrow. The arrow completely misses the goblin.
The goblin hits you but does no damage.
You feel drained. The worm bites you.
You shoot an arrow. The arrow closely misses the goblin.
The goblin closely misses you.
The goblin hits you with a +2 dagger of draining.
You feel drained. The worm bites you.
You die...

######.#.#.###
#..........#
#.........##
#.....##### #.....#
######.....###########
.........<.....)......
...............%......
.#############@#####.#
#w#g....# #.. .......
#.#. ....... #.#..
....... #. .. ..~....
# #.. .~.~... #..
.~_~...


You could see a worm and a goblin.

Vanquished Creatures
  5 adders (D:2)
  2 dart slugs (D:1)
  3 bats (D:1)
  2 endoplasms
  7 goblins
  8 hobgoblins
  4 jackals (D:2)
  5 kobolds (D:1)
  A quokka (D:1)
  4 ball pythons
  7 rats (D:1)
48 creatures vanquished.

Notes
Turn   | Place    | Note
-------+----------+-------------------------------------------
     0 | D:1      | qw the Minotaur Hunter began the quest for the Orb.
     0 | D:1      | Reached XP level 1. HP: 18/18 MP: 0/0
     0 | D:1      | 0 ||| qw: Version: 0.2-a-122-gbc61b45
     0 | D:1      | 0 ||| qw: Game counter: 3605
     0 | D:1      | 0 ||| qw: Always use a shield: true
     0 | D:1      | 0 ||| qw: God list: Okawaru
     0 | D:1      | 0 ||| qw: Allow faded altars: false
     0 | D:1      | 0 ||| qw: Do Orc after D:15 true
     0 | D:1      | 0 ||| qw: Do second Lair branch before Depths: true
     0 | D:1      | 0 ||| qw: Lair rune preference: random
     0 | D:1      | 0 ||| qw: Plans: Normal
     0 | D:1      | 0 ||| PLANNING D:1-11
   126 | D:1      | Reached XP level 2. HP: 25/25 MP: 1/1
   132 | D:1      | Reached skill level 5 in Ranged Weapons
   331 | D:1      | Found Erphaul's Antique Armour Shoppe.
   339 | D:1      | 339 ||| SHOPLISTING glowing ring mail (168 gold, have 43).
   345 | D:1      | Reached skill level 3 in Fighting
   606 | D:1      | Reached XP level 3. HP: 31/31 MP: 2/2
   756 | D:1      | 756 ||| UPGRADING to +0 ring mail.
   766 | D:1      | 766 ||| DROPPING +0 leather armour.
   767 | D:1      | 767 ||| READING scroll labelled YDDAUSTETO.
   768 | D:1      | 768 ||| READING scroll labelled CEANA REUVA.
   821 | D:1      | 821 ||| READING scroll labelled VEHOESH SOGUI.
   822 | D:1      | 822 ||| DROPPING scroll of butterflies.
   830 | D:2      | Reached skill level 1 in Armour
  1007 | D:2      | Reached XP level 4. HP: 38/38 MP: 3/3
  1029 | D:2      | Found a faded altar of an unknown god.
  1044 | D:2      | Reached skill level 6 in Ranged Weapons
  1045 | D:2      | HP: 8/38 [adder (4)]
  1047 | D:2      | HP: 3/37 [goblin/+2 dagger of draining (1)]
  1049 | D:2      | HP: 1/36 [goblin/+2 dagger of draining (1)]
  1049 | D:2      | Slain by a worm

Levels and vault maps discovered:
D:1:      dpeg_arrival_ratfight, layout_loops_ring, serial_shops, shop,
          roderic_roman_lattice, roderic_serpentine_path
D:2:      kennysheep_the_goblin_king, layout_rooms,
          shapermc_ecumenical_altar_starsandcircs

Skill      XL: |  1  2  3  4 |
---------------+-------------+-----
Ranged Weapons | 5 6 |  6.0
Fighting       | 3 |  3.3
Armour         | 1 |  1.1
Dodging        | |  2.1
Stealth        | |  0.7

Action                     |  1- 3 |  4- 6 || total
---------------------------+-------+-------++-------
   Fire: Shortbow          |   106 |    21 ||   127
    Use: Scroll            |     3 |       ||     3
 Armour: Leather armour    |     7 |       ||     7
         Ring mail         |     7 |     6 ||    13
  Dodge: Dodged            |    25 |    15 ||    40

Table legend:
 A = Non-vault XP
 B = Vault XP
 C = Vault XP percentage of total XP
 D = Non-vault monster count
 E = Vault monster count
 F = Vault count percentage of total count
                 A         B        C        D         E       F
            +---------+---------+-------+---------+---------+-------
      Total |     123 |      19 |  13.4 |      36 |      12 |  25.0
            +---------+---------+-------+---------+---------+-------
        D:1 |      40 |       5 |  11.1 |      22 |       5 |  18.5
        D:2 |      83 |      14 |  14.4 |      14 |       7 |  33.3
            +---------+---------+-------+---------+---------+-------
